 Dungeon Crawl Stone Soup version 0.22-a0-367-gb72a975 (webtiles) character file.

79 Amnesiac the Magician (level 4, -1/33 HPs)
             Began as a Mummy Wizard on Apr 22, 2018.
             Slain by a quokka (5 damage)
             ... on level 4 of the Dungeon.
             The game lasted 00:02:50 (980 turns).

Amnesiac the Magician (Mummy Wizard)                 Turns: 980, Time: 00:02:50

Health: -1/33      AC:  2    Str: 10    XL:     4   Next: 16%
Magic:  0/10       EV: 13    Int: 18    God:
Gold:   9          SH:  0    Dex: 10    Spells: 3/11 levels left

rFire    x . .     SeeInvis .   c - -1 spear (curse)
rCold    + . .     Gourm    .   (no shield)
rNeg     + + +     Faith    .   a - +0 robe
rPois    ∞         Spirit   .   b - +0 hat
rElec    .         Reflect  .   (no cloak)
rCorr    .         Harm     .   (no gloves)
MR       .....                  (no boots)
Stlth    ++........             (no amulet)
HPRegen  0.11/turn              (no ring)
MPRegen  0.12/turn              (no ring)

@: very slightly contaminated
A: no food or potions, fire vulnerability, cold resistance 1, negative energy
resistance 3, torment resistance, unbreathing
a: no special abilities


You were on level 4 of the Dungeon.
You were not hungry.

You visited 1 branch of the dungeon, and saw 5 of its levels.

You collected 9 gold pieces.

Inventory:

Hand Weapons
 c - a cursed -1 spear (weapon)
 f - a +2 dagger of venom
 g - a +0 hunting sling
Missiles
 h - 24 stones (quivered)
Armour
 a - a +0 robe (worn)
 b - a +0 hat (worn)
 e - a +0 shield
Scrolls
 j - a scroll of identify {!r, unknown}


   Skills:
 + Level 2.0 Fighting
 * Level 3.1 Dodging
 - Level 1.5 Stealth
 - Level 4.0 Spellcasting
 - Level 0.7 Conjurations
 - Level 0.7 Summonings
   Level 0.7 Translocations


You had 3 spell levels left.
You knew the following spells:

 Your Spells              Type           Power        Failure   Level  Hunger
b - Call Imp              Summ           #.......     17%         2    N/A
e - Mephitic Cloud        Conj/Pois/Air  #.......     38%         3    N/A
s - Conjure Flame         Conj/Fire      #.......     36%         3    N/A

Dungeon Overview and Level Annotations

Branches:
Dungeon (5/15)
 Temple: D:4-7

Altars:

Portals:
Ossuary: D:4


Innate Abilities, Weirdness & Mutations

You do not eat or drink.
Your flesh is vulnerable to fire.
You are immune to poison.
Your flesh is cold resistant. (rC+)
You are immune to negative energy. (rN+++)
You are immune to unholy pain and torment.
You can survive without breathing.


Message History

* * * LOW HITPOINT WARNING * * *
Casting: Call Imp (safe; 17% risk of failure)
Confirm with . or Enter, or press ? or * to list all spells.
Aiming: Mephitic Cloud (slightly dangerous; 38% risk of failure)
Press: ? - help, Shift-Dir - straight line, f - ogre
Aim: an ogre, wielding a giant club You miscast Mephitic Cloud.
You are very lightly contaminated with residual magic.
Nothing appears to happen.
Casting: Mephitic Cloud (slightly dangerous; 38% risk of failure)
Confirm with . or Enter, or press ? or * to list all spells.
Aiming: Mephitic Cloud (slightly dangerous; 38% risk of failure)
Press: ? - help, Shift-Dir - straight line, f/p - ogre
Aim: an ogre, wielding a giant club The ball explodes into a vile cloud!
The stinking cloud engulfs the ogre.
The stinking cloud engulfs you!
The ogre is engulfed in noxious fumes.
The ogre appears confused.
The ogre is engulfed in noxious fumes.
The ogre appears confused.
Casting: Mephitic Cloud (slightly dangerous; 38% risk of failure)
Confirm with . or Enter, or press ? or * to list all spells.
A beastly little devil appears in a puff of flame.
You open the door.
A quokka comes into view.
The ogre shouts, "What's happening?!"
Found a stone staircase leading up.
What are your orders? t - Shout!
Orders for allies: a - Attack new target. p - Attack previous target. r - Retreat! s - Stop attacking. g - Guard the area. f - Follow me.
Anything else - Cancel.
Gang up on whom?
Press: ? - help, Dir - move target cursor, f/p - ogre
Aim: an ogre, wielding a giant club (lightly wounded, confused) Attack!
The quokka bites you.
* * * LOW HITPOINT WARNING * * *
What are your orders? t - Shout!
Orders for allies: a - Attack new target. p - Attack previous target. r - Retreat! s - Stop attacking. g - Guard the area. f - Follow me.
Anything else - Cancel.
Gang up on whom?
Press: ? - help, Dir - move target cursor, f - quokka, p - ogre
Aim: a quokka Attack!
The quokka barely misses you. The quokka closely misses you.
The quokka closely misses your crimson imp.
Attack whom?
Press: ? - help, Dir - move target cursor, f/p - quokka
Aim: a quokka You reach to attack!
You miss the quokka. The quokka bites your crimson imp.
Attack whom?
Press: ? - help, Dir - move target cursor, f/p - quokka
Aim: a quokka You reach to attack!
You closely miss the quokka.
The quokka closely misses your crimson imp.
Your crimson imp blinks!
Casting: Call Imp (safe; 17% risk of failure)
Confirm with . or Enter, or press ? or * to list all spells.
A beastly little devil appears in a puff of flame.
The quokka bites you.
* * * LOW HITPOINT WARNING * * *
You swap places.
The quokka bites you.
You die...

......###### #...........
#........... #.....O.....
#........... #...........
#........... #.5@........
#.r...5..... ##'#.....###
...#.....# .#.....
#<...#.....# .#.....
+....#.....+ .#....
.#....#.....#
##...###+#..#...#.......
##...#.....##############


You could see an ogre (confused), a quokka and 2 friendly crimson imps.

Vanquished Creatures
  2 giant cockroaches
  2 goblins
  A kobold (D:1)
  3 bats
  A frilled lizard (D:3)
  A jackal zombie (D:4)
  A rat (D:3)
11 creatures vanquished.

Vanquished Creatures (collateral kills)
  An ogre (D:4)
  A worker ant (D:4)
  2 adders
  A hobgoblin (D:3)
5 creatures vanquished.

Grand Total: 16 creatures vanquished

Notes
Turn   | Place    | Note
-------+----------+-------------------------------------------
     0 | D:1      | Amnesiac the Mummy Wizard began the quest for the Orb.
     0 | D:1      | Reached XP level 1. HP: 13/13 MP: 5/5
   385 | D:3      | Reached XP level 2. HP: 20/20 MP: 7/7
   408 | D:3      | Learned a level 2 spell: Call Imp
   423 | D:3      | HP: 1/20 [adder (1)]
   423 | D:3      | Reached skill level 1 in Fighting
   810 | D:5      | Entered Level 5 of the Dungeon
   874 | D:4      | Found a sand-covered staircase.
   887 | D:4      | Noticed an ogre
   899 | D:4      | Killed an ogre
   899 | D:4      | Reached XP level 3. HP: 27/27 MP: 2/8
   906 | D:4      | Learned a level 3 spell: Conjure Flame
   910 | D:4      | Learned a level 3 spell: Mephitic Cloud
   950 | D:4      | Reached XP level 4. HP: 23/33 MP: 6/10
   965 | D:4      | Noticed an ogre
   980 | D:4      | Slain by a quokka

Vault maps used:
D:1:      moated_graveyard_arrival
D:2:      kennysheep_vampire_church
D:3:      grunt_temple_overflow_order_and_chaos_2, serial_glass,
          glass_columns_a, glass_columns_a, glass_columns_b, glass_columns_b,
          glass_columns_b, glass_columns_a, minmay_misc_feat_rugged
D:4:      enter_ossuary_3, first_ration
D:5:      kennysheep_path_1, corexii_corridor_pit, minmay_statues_item

Skill      XL: |  1  2  3 |
---------------+----------+-----
Dodging        | 2 3 |  3.1
Fighting       | 1 2 |  2.0
Stealth        | |  1.5
Spellcasting   | |  4.0
Conjurations   | |  0.7
Summonings     | |  0.7
Translocations | |  0.7

Action                   |  1- 3 |  4- 6 || total
-------------------------+-------+-------++-------
Melee: Spear             |    61 |     2 ||    63
       Unarmed           |     8 |       ||     8
 Cast: Magic Dart        |     9 |       ||     9
       Call Imp          |     6 |     2 ||     8
       Mephitic Cloud    |       |     1 ||     1
  Use: Scroll            |     3 |     1 ||     4
 Stab: Sleeping          |     2 |       ||     2
Armor: Robe              |    42 |       ||    42
Dodge: Dodged            |    76 |     2 ||    78

Table legend:
 A = Spawn XP
 B = Non-spawn XP
 C = Spawn XP percentage of total XP
 D = Spawn monster count
 E = Non-spawn monster count
 F = Spawn count percentage of total count
 G = Total turns spent on level
                    A         B        C        D         E        F      G
               +---------+---------+-------+---------+---------+-------+---------
         Total |       0 |     113 |   0.0 |       0 |      16 |   0.0 |   980
               +---------+---------+-------+---------+---------+-------+---------
           D:1 |       0 |       8 |   0.0 |       0 |       5 |   0.0 |   259
           D:2 |       0 |       2 |   0.0 |       0 |       1 |   0.0 |   123
           D:3 |       0 |      14 |   0.0 |       0 |       6 |   0.0 |   398
           D:4 |       0 |      89 |   0.0 |       0 |       4 |   0.0 |   198
               +---------+---------+-------+---------+---------+-------+---------
